 Dungeon Crawl Stone Soup version 0.25-a0-424-g80bd347ae0 (webtiles) character file.

Game seed: 15149900878775376724, levelgen mode: deterministic

29 zorance the Ogre Mage (level 3, -5/31 HPs)
             Began as an Ogre Wizard on Jan 20, 2020.
             Slain by a gnoll
             ... wielding a +0 flail
              (7 damage)
             ... on level 2 of the Dungeon.
             The game lasted 00:03:18 (1650 turns).

zorance the Ogre Mage (Ogre Wizard)                 Turns: 1650, Time: 00:03:18

Health: -5/31      AC:  3    Str: 11    XL:     3   Next: 16%
Magic:  3/8        EV: 10    Int: 20    God:
Gold:   47         SH:  0    Dex:  7    Spells: 0/10 levels left

rFire    . . .     SeeInvis .   e - +0 club
rCold    . . .     Gourm    .   (no shield)
rNeg     . . .     Faith    .   a - +0 robe
rPois    .         Spirit   .   b - +0 hat
rElec    .         Reflect  .   (no cloak)
rCorr    .         Harm     .   (gloves unavailable)
MR       .....                  (boots unavailable)
Stlth    +.........             (no amulet)
HPRegen  0.10/turn              (no ring)
MPRegen  0.11/turn              (no ring)

@: no status effects
A: large, unfitting armour, tough skin 1
a: no special abilities


You were on level 2 of the Dungeon.
You were not hungry.

You visited 1 branch of the dungeon, and saw 2 of its levels.

You collected 47 gold pieces.

Inventory:

Hand Weapons
 e - a +0 club (weapon)
Armour
 a - a +0 robe (worn)
 b - a +0 hat (worn)
Scrolls
 c - a scroll of amnesia {unknown}
 g - 2 scrolls of identify {unknown}
 h - a scroll of remove curse {unknown}
Potions
 f - 2 potions of magic {unknown}
 j - a potion of curing {unknown}
Comestibles
 d - 2 rations
 i - 4 chunks of flesh


   Skills:
 - Level 1.7 Dodging
 - Level 1.4 Stealth
 + Level 4.0 Spellcasting
 * Level 2.2 Conjurations
 * Level 0.8 Summonings
 - Level 0.8 Translocations


You couldn't memorise any spells.
You knew the following spells:

 Your Spells              Type           Power        Failure   Level  Hunger
a - Magic Dart            Conj           ##..         4%          1    None
b - Call Imp              Summ           #.......     14%         2    #......
c - Mephitic Cloud        Conj/Pois/Air  #.......     28%         3    ###....
d - Slow                  Hex            #.......     19%         2    #......
e - Blink                 Tloc           N/A          14%         2    #......

Your spell library contained the following spells:

 Spells                   Type           Power        Failure   Level  Hunger
 Conjure Flame            Conj/Fire      #.......     24%         3    ###....


Dungeon Overview and Level Annotations

Branches:
Dungeon (2/15)

Altars:

Annotations:
D:2 Jessica, Natasha


Innate Abilities, Weirdness & Mutations

You are too large for most types of armour.
You have tough skin. (AC +1)


Message History

Found a scroll labeled JUEFIG ROIL.
Found a stone staircase leading down.
Your magical contamination has completely faded away.
Found a pair of glowing gloves.
A gnoll comes into view.
It is wielding a +2 flail of protection.
Natasha growls.
A gnoll comes into view.
The gnoll shouts!
Natasha howls an incantation.
You feel disoriented.
An adder comes into view.
Natasha mumbles some strange words.
The gnoll barely misses you.
A gnoll comes into view.
The gnoll shouts!
You hit the gnoll.
The gnoll is moderately wounded.
The gnoll hits you!
* * * LOW HITPOINT WARNING * * *
The gnoll hits you with a +0 flail!
You die...

###.###..## ....
.... ... ... #g#
#.#
#.###.#######
####g5......?..>
#.g..hr..>....#
#g######.####.#
#@# #.# #g# #.##
..# #.)# ##S#
##.# #.# #.# #.#
#.# ##.g# #†#
....#######.#
............#


You could see 4 gnolls and an adder.

Vanquished Creatures
  An ooze (D:1)
  A dart slug (D:1)
  4 bats (D:1)
  A giant cockroach (D:1)
  2 goblins (D:1)
  4 hobgoblins (D:1)
  4 kobolds (D:1)
  3 frilled lizards
  2 rats
22 creatures vanquished.

Notes
Turn   | Place    | Note
-------+----------+-------------------------------------------
     0 | D:1      | zorance the Ogre Wizard began the quest for the Orb.
     0 | D:1      | Reached XP level 1. HP: 16/16 MP: 5/5
    57 | D:1      | Reached skill level 1 in Conjurations
   579 | D:1      | Reached XP level 2. HP: 21/24 MP: 1/6
   585 | D:1      | Learned a level 2 spell: Call Imp
   784 | D:1      | Reached skill level 4 in Spellcasting
  1139 | D:1      | Reached XP level 3. HP: 31/31 MP: 5/8
  1172 | D:1      | Learned a level 3 spell: Mephitic Cloud
  1175 | D:1      | Learned a level 2 spell: Slow
  1178 | D:1      | Learned a level 2 spell: Blink
  1530 | D:2      | Noticed Jessica
  1641 | D:2      | Noticed Natasha
  1650 | D:2      | Slain by a gnoll

Levels and vault maps discovered:
D:1:      shiori_arrival_maze, layout_rooms, ebering_dispersal_statue_hall
D:2:      layout_loops_ring, dancing_weapons_uskayaw, minmay_pentomino_v4,
          uniq_natasha, uniq_jessica

Skill      XL: |  1  2 |
---------------+-------+-----
Conjurations   | 1 2 |  2.2
Spellcasting   | 4 |  4.0
Dodging        | |  1.7
Stealth        | |  1.4
Summonings     | |  0.8
Translocations | |  0.8

Action                   || total
-------------------------++-------
Melee: Club              ||    19
       Unarmed           ||     1
 Cast: Magic Dart        ||    60
       Call Imp          ||     1
  Eat: Chunk             ||     2
Armor: Robe              ||    22
Dodge: Dodged            ||    34

Table legend:
 A = Non-vault XP
 B = Vault XP
 C = Vault XP percentage of total XP
 D = Non-vault monster count
 E = Vault monster count
 F = Vault count percentage of total count
                 A         B        C        D         E       F
            +---------+---------+-------+---------+---------+-------
      Total |      38 |       4 |   9.5 |      20 |       2 |   9.1
            +---------+---------+-------+---------+---------+-------
        D:1 |      36 |       4 |  10.0 |      18 |       2 |  10.0
        D:2 |       2 |       0 |   0.0 |       2 |       0 |   0.0
            +---------+---------+-------+---------+---------+-------
